 Dungeon Crawl Stone Soup version 0.30-a0-457-g4b7bca3bfa (webtiles) character file.

Game seed: 2476575194448665332

27577 qeuew the Basher (level 13, -15/116 HPs)
             Began as a Hill Orc Fighter on Dec 13, 2022.
             Was an Initiate of Gozag.
             Demolished by a death yak (18 damage)
             ... on level 2 of the Lair of Beasts.
             The game lasted 00:21:41 (15123 turns).

qeuew the Basher (Hill Orc Fighter)                Turns: 15123, Time: 00:21:44

Health: -15/116    AC: 17    Str: 30    XL:     13   Next: 33%
Magic:  0/13       EV: 15    Int:  6    God:    Gozag
Gold:   1474       SH:  7    Dex: 18    Spells: 12/12 levels left

rFire   + + +      SeeInvis .    s - +5 morningstar of Slow Death {venom, rC+ Str+2}
rCold   + + .      Faith    .    c - +0 buckler
rNeg    . . .      Spirit   +    k - +5 scale mail of Contentment {Will+}
rPois   +          Reflect  .    i - +2 helmet
rElec   +          Harm     .    (no cloak)
rCorr   +          Rampage  .    (no gloves)
Will    +....                    (no boots)
Stlth   ..........               l - amulet of Beauty {Spirit rF++}
HPRegen 0.39/turn                x - +6 ring of strength
MPRegen 0.13/turn                p - +6 ring of dexterity

@: about to teleport, resistant (expiring), gold aura, studying Maces & Flails
A: dopey 1
a: Renounce Religion, Potion Petition, Call Merchant, Bribe Branch


You were on level 2 of the Lair of Beasts.
You worshipped Gozag.
Gozag was most pleased with you.
You visited 2 branches of the dungeon, and saw 12 of its levels.
You also visited: Volcano.

You collected 2776 gold pieces.
You spent 576 gold pieces at shops.
You paid 726 gold pieces to Gozag.

Inventory:

Hand Weapons
 s - the +5 morningstar of Slow Death (weapon) {venom, rC+ Str+2}
   (You bought it in a shop on level 9 of the Dungeon)

   It poisons the flesh of those it strikes.
   Str:       It affects your strength (+2).
   rC:        It protects you from cold.
Missiles
 e - 3 throwing nets
Armour
 c - a +0 buckler (worn)
 i - a +2 helmet (worn)
 k - the +5 scale mail of Contentment (worn) {Will+}
   (You found it on level 7 of the Dungeon)

   Will:      It increases your willpower.
Jewellery
 b - a ring of resist corrosion
 f - a ring of fire
 l - the amulet of Beauty (around neck) {Spirit rF++}
   (You took it off an orc on level 8 of the Dungeon)

   [amulet of guardian spirit]

   It causes incoming damage to be divided between your reserves of health and
   magic.
   rF:        It greatly protects you from fire.
 p - a +6 ring of dexterity (right hand)
 x - a +6 ring of strength (left hand)
Wands
 a - a wand of flame (14) (quivered)
 j - a wand of digging (6)
 q - a wand of polymorph (5)
 w - a wand of iceblast (5)
Scrolls
 h - 7 scrolls of teleportation
 m - 4 scrolls of fog
 n - 2 scrolls of enchant armour
 t - a scroll of poison
Potions
 d - a potion of resistance
 g - 3 potions of haste
 o - 2 potions of curing
 u - a potion of attraction
 v - a potion of cancellation


   Skills:
 + Level 11.5 Fighting
 - Level 3.9(11.2) Axes
 + Level 13.7(13.8) Maces & Flails
 + Level 10.7 Armour
 + Level 7.7 Dodging
 + Level 10.6 Shields
 + Level 9.0 Evocations


You had 12 spell levels left.
You didn't know any spells.
Your spell library contained the following spells:

 Spells                   Type           Power      Damage    Failure   Level
 Shock                    Conj/Air       0%         1d3       73%         1
 Blink                    Tloc           0%         N/A       86%         2
 Ensorcelled Hibernation  Hex/Ice        0%         N/A       86%         2
 Momentum Strike          Conj/Tloc      0%         3d8       86%         2
 Static Discharge         Conj/Air       0%         2-2/arc   86%         2
 Hailstorm                Conj/Ice       0%         3d3       97%         3
 Kindle Blastsparks       Fire/Tloc/Air  0%         2d10      97%         3
 Lesser Beckoning         Tloc           0%         N/A       97%         3
 Mephitic Cloud           Conj/Pois/Air  0%         N/A       97%         3
 Spider Form              Tmut/Pois      0%         N/A       97%         3
 Anguish                  Hex/Necr       0%         N/A       100%        4
 Fulminant Prism          Conj/Hex       0%         3d5       100%        4
 Iskenderun's Mystic Bla  Conj/Tloc      0%         2d3       100%        4
 Passage of Golubria      Tloc           0%         N/A       100%        4
 Iskenderun's Battlesphe  Conj           0%         2d6       100%        5
 Lee's Rapid Deconstruct  Erth           0%         3d4*      100%        5
 Silence                  Hex/Air        0%         N/A       100%        5
 Iron Shot                Conj/Erth      0%         9d1       100%        6
 Spellforged Servitor     Conj/Summ      0%         N/A       100%        7
 Lehudib's Crystal Spear  Conj/Erth      0%         10d2      100%        8


Dungeon Overview and Level Annotations

Branches:
Dungeon (9/15)             Temple (0/1) D:4            Lair (3/5) D:8
  Snake (0/4) Lair:2      Volcano (visited)
  Swamp: Lair:2-3    Shoals: Lair:2-3       Orc: D:9-12

Altars:
Gozag
Nemelex Xobeh
Trog
Xom
Yredelemnul
The Shining One

Shops:
D:6 :   D:9 (

Annotations:
D:6 2 runed translucent doors, retardedninja's ghost, novice HOFi
D:8 2 transporters, Strat's ghost, novice MeFi


Innate Abilities, Weirdness & Mutations

You are dopey. (Int -2)


Message History

You are too injured to fight recklessly!
You are too injured to fight recklessly!
You are too injured to fight recklessly!
You are too injured to fight recklessly!
You are too injured to fight recklessly!
You are too injured to fight recklessly!
You are too injured to fight recklessly!
You are too injured to fight recklessly!
Unknown command.
You hit the death yak but do no damage.
The death yak looks as sick as possible!
The death yak is moderately wounded.
You puncture the death yak!
The death yak is moderately wounded.
The death yak gores you! The death yak barely misses you.
You block the death yak's attack.
You hit the death yak.
The death yak looks as sick as possible!
The death yak is moderately wounded.
You start to feel less resistant.
The death yak gores you. The death yak completely misses you.
The death yak gores you!
* * * LOW HITPOINT WARNING * * *
You sock the death yak!
The death yak looks as sick as possible!
The death yak is heavily wounded.
The death yak gores you.
* * * LOW HITPOINT WARNING * * *
The death yak gores you!
* * * LOW HITPOINT WARNING * * *
The death yak gores you!
* * * LOW HITPOINT WARNING * * *
Unknown command.
As you read the scroll of teleportation, it crumbles to dust.
You feel strangely unstable. The death yak gores you!
* * * LOW HITPOINT WARNING * * *
The death yak gores you but does no damage.
The death yak gores you!!
You die...
Your body crumbles into a pile of gold.

######### #### ### ## #......P#
###..###### #..
.###......#####.......#.## ##.
#.##.............PP......# ####.
..........####.#..###.#.#####....
...?......# ##...# ##...##......
.#.......## #...## ##..#..)....
#.........# ##.Y.# #..........
........#.# #@Y.# #..........
........### ##Y.####..........
..........## #...#.#..........
.........PP# #....###.........
...........## ####...###.........
..........#.###....<...#.....)...
........................>........
.................................
...........##.#...#..............


You could see 3 death yaks.

Vanquished Creatures
  A red draconian (Volcano)
  Harold (Lair:2)
  A hydra (Lair:2)
  A boulder beetle (Lair:2)
  An ogre mage (Volcano)
  4 two-headed ogres (Volcano)
  A death yak (Lair:2)
  Urug (Lair:2)
  11 elephants (Lair:2)
  2 black mambas (Lair:2)
  A molten gargoyle (Volcano)
  A gargoyle (Volcano)
  6 cane toads
  5 komodo dragons
  A rime drake (D:8)
  A hornet (D:9)
  A polar bear (D:8)
  9 blink frogs
  4 wyverns
  6 fire bats
  18 yaks
  A basilisk (Lair:2)
  A steam dragon (D:7)
  12 water moccasins
  A hell hound (D:9)
  9 ice beasts
  2 orc warriors
  A black bear (D:5)
  12 wolves
  2 centaurs
  An ogre (D:6)
  A phantom (D:6)
  7 bullfrogs
  2 gnoll sergeants
  3 kobold brigands
  4 necrophages
  2 scorpions
  15 killer bees
  7 lava snakes
  A jelly (D:7)
  3 hounds
  7 orc priests
  4 iguanas
  6 orc wizards
  Robin (D:3)
  5 adders
  9 gnolls
  2 ufetubi
  3 worms
  2 dart slugs
  22 orcs
  11 endoplasms
  2 giant cockroaches
  17 goblins
  6 hobgoblins
  4 jackals (D:1)
  16 kobolds
  5 quokkas
  5 ball pythons
  4 bats (D:3)
  2 frilled lizards (D:1)
  3 rats
300 creatures vanquished.

Vanquished Creatures (collateral kills)
  A yak (Lair:1)
1 creature vanquished.

Vanquished Creatures (others)
  3 fire vortices (D:9)
  20 fungi
  19 plants
42 creatures vanquished.

Grand Total: 343 creatures vanquished

Notes
Turn   | Place    | Note
-------+----------+-------------------------------------------
     0 | D:1      | qeuew the Hill Orc Fighter began the quest for the Orb.
     0 | D:1      | Reached XP level 1. HP: 19/19 MP: 1/1
    70 | D:1      | Reached XP level 2. HP: 27/27 MP: 2/2
   385 | D:1      | Reached XP level 3. HP: 31/33 MP: 3/3
   717 | D:2      | Reached skill level 1 in Dodging
  1523 | D:3      | Reached XP level 4. HP: 40/40 MP: 4/4
  1796 | D:3      | Noticed Robin
  1821 | D:3      | Killed Robin
  1822 | D:3      | Reached XP level 5. HP: 19/47 MP: 5/5
  1983 | D:3      | Found an opulent altar of Gozag.
  2011 | D:3      | Became a worshipper of Gozag Ym Sagoz the Greedy
  2120 | D:3      | Found a faded altar of an unknown god.
  2424 | D:4      | Reached skill level 1 in Maces & Flails
  2507 | D:4      | Got Vehumet's Tome of Blasting
  2519 | D:4      | Found a shimmering altar of Xom.
  2521 | D:4      | Identified the +2 leather armour of Purpose {rC+ Will+
                  | rCorr Int+3}
  2707 | D:4      | Noticed an orc warrior
  2727 | D:4      | Killed an orc warrior
  2728 | D:4      | Reached skill level 2 in Maces & Flails
  2728 | D:4      | Reached skill level 1 in Evocations
  2728 | D:4      | Reached XP level 6. HP: 21/55 MP: 6/6
  2730 | D:4      | Found a staircase to the Ecumenical Temple.
  3009 | D:4      | Reached skill level 5 in Fighting
  3319 | D:4      | Gained mutation: You have hidden genetic potential. [potion
                  | of mutation]
  3319 | D:4      | Gained mutation: You passively map a small area around you.
                  | [potion of mutation]
  3319 | D:4      | Lost mutation: You have hidden genetic potential. [potion
                  | of mutation]
  3319 | D:4      | Gained mutation: You have sharp toenails. [potion of
                  | mutation]
  3341 | D:5      | Entered Level 5 of the Dungeon
  3341 | D:5      | Noticed a black bear
  3350 | D:5      | Killed a black bear
  3351 | D:5      | Reached skill level 3 in Maces & Flails
  3351 | D:5      | Reached XP level 7. HP: 61/61 MP: 7/7
  3998 | D:5      | Reached skill level 5 in Armour
  4132 | D:5      | Found a sparkling altar of Nemelex Xobeh.
  4192 | D:6      | Found a runed translucent door.
  4192 | D:6      | Noticed retardedninja's ghost (novice HOFi)
  4227 | D:6      | Found Jihis's Tremendous Tomes.
  4241 | D:6      | Found a runed translucent door.
  4254 | D:6      | Reached skill level 5 in Shields
  4399 | D:6      | Reached skill level 4 in Maces & Flails
  4525 | D:6      | Reached XP level 8. HP: 37/69 MP: 8/8
  4780 | D:6      | Found a bloodstained altar of Trog.
  5373 | D:6      | Lost mutation: You have sharp toenails. [potion of
                  | mutation]
  5373 | D:6      | Lost mutation: You passively map a small area around you.
                  | [potion of mutation]
  5373 | D:6      | Gained mutation: Your magical capacity is low. (-10% MP)
                  | [potion of mutation]
  5373 | D:6      | Lost mutation: Your magical capacity is low. (-10% MP)
                  | [potion of mutation]
  5373 | D:6      | Gained mutation: You occasionally lose the ability to drink
                  | potions when taking damage. [potion of mutation]
  5398 | D:7      | You fall into a shaft and drop 1 floor!
  5460 | D:8      | Noticed Strat's ghost (novice MeFi)
  5462 | D:8      | Found a bloodstained altar of Trog.
  5471 | D:8      | Found a transporter.
  5473 | D:8      | Noticed a moth of wrath
  5480 | D:8      | Found a transporter.
  5500 | D:8      | Noticed a rime drake
  5771 | D:7      | Reached skill level 5 in Maces & Flails
  6019 | D:7      | Identified the +5 scale mail of Contentment {Will+}
  6084 | D:7      | Found a glowing golden altar of the Shining One.
  6094 | D:7      | Found a basalt altar of Yredelemnul.
  6518 | D:7      | Reached skill level 6 in Maces & Flails
  6518 | D:7      | Reached XP level 9. HP: 57/78 MP: 9/9
  6661 | D:7      | Noticed an angel
  6705 | D:8      | Lost mutation: You occasionally lose the ability to drink
                  | potions when taking damage. [potion of mutation]
  6705 | D:8      | Gained mutation: You are dopey. (Int -2) [potion of
                  | mutation]
  6711 | D:8      | Noticed a polar bear
  6738 | D:8      | Killed a polar bear
  7567 | D:7      | Reached skill level 7 in Maces & Flails
  8458 | D:7      | Reached skill level 5 in Evocations
  8470 | D:7      | Reached XP level 10. HP: 39/88 MP: 10/10
  8630 | D:8      | Reached skill level 8 in Maces & Flails
  9189 | D:8      | Found a staircase to the Lair.
  9210 | D:8      | Identified the amulet of Beauty {Spirit rF++}
  9646 | D:9      | Found Tiwn's Weapon Shoppe.
  9678 | D:9      | Paralysed by a hornet for 2 turns
  9850 | D:9      | Reached skill level 5 in Dodging
 10053 | D:9      | Reached skill level 9 in Maces & Flails
 10191 | D:9      | Bought the +5 morningstar of Slow Death {venom, rC+ Str+2}
                  | for 576 gold pieces
 10524 | Lair:1   | Entered Level 1 of the Lair of Beasts
 10551 | Lair:1   | Noticed a cane toad
 10561 | Lair:1   | Killed a cane toad
 10578 | Lair:1   | Reached XP level 11. HP: 22/95 MP: 3/11
 10650 | Lair:1   | Reached skill level 10 in Maces & Flails
 11854 | Lair:2   | Noticed Harold
 11869 | Lair:2   | Killed Harold
 11886 | Lair:2   | Reached skill level 11 in Maces & Flails
 11997 | Lair:2   | Reached skill level 10 in Fighting
 11997 | Lair:2   | Reached XP level 12. HP: 81/106 MP: 10/12
 12033 | Lair:2   | Noticed a boulder beetle
 12067 | Lair:2   | Reached skill level 12 in Maces & Flails
 12083 | Lair:2   | Found a dark tunnel.
 12106 | Volcano  | Entered a volcano
 12664 | Volcano  | Found a burning altar of Makhleb.
 12664 | Volcano  | Noticed a two-headed ogre
 12664 | Volcano  | Noticed an ogre mage
 12664 | Volcano  | Noticed a two-headed ogre
 12664 | Volcano  | Noticed a two-headed ogre
 12669 | Volcano  | Killed a two-headed ogre
 12672 | Volcano  | Killed a two-headed ogre
 12678 | Volcano  | Killed a two-headed ogre
 12685 | Volcano  | Killed an ogre mage
 12686 | Volcano  | Reached skill level 10 in Armour
 12835 | Volcano  | Noticed a two-headed ogre
 12847 | Volcano  | Killed a two-headed ogre
 13056 | Volcano  | Reached skill level 10 in Shields
 13170 | Volcano  | Noticed a red draconian
 13182 | Volcano  | Killed a red draconian
 13575 | Lair:2   | Killed a boulder beetle
 13576 | Lair:2   | Reached skill level 13 in Maces & Flails
 13625 | Lair:2   | Found a staircase to the Snake Pit.
 13823 | Lair:2   | Reached XP level 13. HP: 99/116 MP: 11/13
 14021 | Lair:2   | Noticed Urug
 14035 | Lair:2   | Killed Urug
 15123 | Lair:2   | HP: 3/116 [death yak (9)]
 15123 | Lair:2   | Demolished by a death yak

Illustrated notes

Levels and vault maps discovered:
D:1:      wander_arrival_chamber, layout_rooms, minmay_misc_feat_diagonals
D:2:      layout_basic, kennysheep_donut, minmay_large_rounded_square
D:3:      layout_loops_ring, mainiacjoe_overflow_brackets,
          shapermc_ecumenical_altar_notcrosses, uniq_robin
D:4:      minmay_evil_eye, layout_cave_pools, old_standard_altar,
          minmay_temple_entry_trees, hangedman_decor_riveting
D:5:      layout_rooms, nemelex_altar_shiori
D:6:      layout_layer_cave, mainiacjoe_overflow_chevrons,
          ebering_ghost_sewer_f, nicolae_shop_i_like_big_books
D:7:      layout_rooms, grunt_temple_overflow_holy_war,
          kennysheep_cross_bottleneck
D:8:      layout_rooms, hellmonk_lair_entry_icy,
          gammafunk_ghost_wrathful_warriors
D:9:      layout_basic, serial_shops, shop, dreamdust_mushroom_princess,
          hangedman_incinerator
Lair:1:   layout_loops_ring, chequers_serial_rivers_marsh
Lair:2:   layout_layer_cave, minmay_snake_entry_six_corridors, enter_volcano_1,
          minmay_lindwurm_lava, uniq_urug, uniq_harold
Lair:3:   dreamdust_cave_troll, layout_cave_pods,
          nicolae_swamp_entry_splash_gauntlet, small_statue_intersection,
          grunt_forest_large_clearings, lemuel_fruit_fields, uniq_nessos

Skill      XL: |  1  2  3  4  5  6  7  8  9 10 11 12 13 |
---------------+----------------------------------------+-----
Axes           | 3 |  3.9
Fighting       | 4 5 6 7 8 10 11 | 11.5
Dodging        | 1 2 3 4 5 6 7 |  7.7
Armour         | 4 5 6 7 8 9 10 | 10.7
Shields        | 4 5 6 7 8 9 10 | 10.6
Maces & Flails | 2 3 4 6 7 9 11 13 | 13.7
Evocations     | 1 2 3 5 6 7 8 9 |  9.0

Action                   |  1- 3 |  4- 6 |  7- 9 | 10-12 | 13-15 || total
-------------------------+-------+-------+-------+-------+-------++-------
Melee: War axe           |   112 |    70 |       |       |       ||   182
       Morningstar       |       |   104 |   390 |   558 |   127 ||  1179
       Kick              |       |     3 |    30 |       |       ||    33
Invok: Potion Petition   |       |       |     2 |       |       ||     2
Evoke: Wand              |       |       |       |     4 |       ||     4
  Use: Scroll            |    10 |     4 |     7 |     8 |     3 ||    32
       Potion            |     3 |     4 |     9 |     4 |     1 ||    21
 Stab: Invisible         |       |     2 |       |       |       ||     2
       Distracted        |       |       |     2 |     4 |       ||     6
Armor: Scale mail        |    63 |   134 |   270 |   274 |    51 ||   792
Dodge: Dodged            |    58 |   112 |   300 |   367 |    80 ||   917
Block: Buckler           |    18 |    66 |   163 |   212 |    43 ||   502

Table legend: (Time is in decaauts)
 A = Elapsed time spent in this place.
 B = Non-inter-level travel time spent in this place.
 C = Inter-level travel time spent in this place.
 D = Time resting spent in this place.
 E = Time spent auto-exploring this place.
 F = Levels seen in this place.
 G = Mean time per level.
                   A        B        C        D        E       F      G
               +--------+--------+--------+--------+--------+-----+--------+
         Total |  15322 |  15000 |    322 |   1472 |  10556 |  13 | 1178.6 |
       Dungeon |  10757 |  10479 |    278 |   1472 |   6994 |   9 | 1195.2 |
          Lair |   3179 |   3136 |     43 |      0 |   2376 |   3 | 1059.7 |
       Volcano |   1385 |   1385 |      0 |      0 |   1185 |   1 | 1385.0 |
               +--------+--------+--------+--------+--------+-----+--------+

Top non-repeatable levels by time:
     D:7: 2936 daAuts
  Lair:2: 1857 daAuts
 Volcano: 1385 daAuts
  Lair:1: 1317 daAuts
     D:6: 1211 daAuts
     D:8: 1207 daAuts
     D:9: 1088 daAuts
     D:3: 1057 daAuts
     D:4: 967 daAuts
     D:5: 865 daAuts
     D:2: 851 daAuts
     D:1: 572 daAuts
  Lair:3: 4 daAuts
